 Dungeon Crawl Stone Soup version 0.31-a0-1576-ga3383bade6 (webtiles) character file.

Game seed: 4716295388612218748

108 Flugslaktarn the Apothecary (level 4, -5/27 HPs)
             Began as an Octopode Alchemist on Jan 4, 2024.
             Slain by a bullfrog (8 damage)
             ... in a sewer.
             The game lasted 00:02:33 (996 turns).

Flugslaktarn the Apothecary (Octopode Alchemist)     Turns: 996, Time: 00:02:34

Health: -5/27      AC:  1    Str:  7    XL:     4   Next: 87%
Magic:  2/8        EV: 13    Int: 19    God:
Gold:   15         SH:  0    Dex: 12    Spells: 8/9 levels left

rFire   . . .        a - +0 scimitar (holy)
rCold   . . .        (no shield)
rNeg    . . .        (helmet restricted)
rPois   .            (no amulet)
rElec   .            i - ring of see invisible
rCorr   .            (no ring)
SInv    +            (no ring)
Will    .....        (no ring)
Stlth   ++++         (no ring)
HPRegen 0.24/turn    (no ring)
MPRegen 0.11/turn    (no ring)
                     (no ring)

%: no passive effects
@: very slightly contaminated, hasted, very quick
A: almost no armour, amphibious, 8 rings, camouflage 1, gelatinous body 1,
nimble swimmer 1, tentacles
a: no special abilities


You were in a sewer.
You visited 1 branch of the dungeon, and saw 4 of its levels.
You also visited: Sewer.

You collected 15 gold pieces.

Inventory:

Hand Weapons
 a - a +0 scimitar of holy wrath (weapon)
   (You found it in a sewer)
 e - a +0 dagger
   (You took it off an orc on level 3 of the Dungeon)
Jewellery
 i - a ring of see invisible (left tentacle)
   (You found it on level 4 of the Dungeon)
Scrolls
 c - a scroll of noise {unknown}
Potions
 b - 2 potions of enlightenment


   Skills:
 - Level 2.0 Dodging
 - Level 2.6 Stealth
 + Level 3.0 Spellcasting
 - Level 1.0 Conjurations
 * Level 5.2 Alchemy


You had 8 spell levels left.
You knew the following spells:

 Your Spells              Type           Power      Damage    Failure   Level
a - Sting                 Conj/Alch      56%        1d6       4%          1

Your spell library contained the following spells:

 Spells                   Type           Power      Damage    Failure   Level
 Mercury Vapours          Alch/Air       24%        N/A       8%          2
 Olgreb's Toxic Radiance  Alch           22%        N/A       17%         4
 Mephitic Cloud           Conj/Alch/Air  10%        N/A       19%         3
 Sticky Flame             Fire/Alch      12%        2d5       45%         4
 Brom's Barrelling Bould  Conj/Erth      4%         2d3       77%         4
 Animate Dead             Necr           2%         N/A       83%         4
 Shatter                  Erth           1%         3d5*      100%        9


Dungeon Overview and Level Annotations

Branches:
Dungeon (4/15)              Sewer (1/1)
 Temple: D:4-7

Altars:


Innate Abilities, Weirdness & Mutations

You cannot wear most types of armour.
You are amphibious.
You can wear up to eight rings at the same time.
Your skin changes colour to match your surroundings (Stealth+).
Your rubbery body absorbs attacks. (AC +1, EV +1)
You are camouflaged when in or above water. (Stealth+)
You have tentacles for arms and can constrict up to eight enemies at once.


Message History

Aiming: Sting (safe; 4% risk of failure)
Press: ? - help, Shift-Dir - straight line, f/p - dart slug
Aim: a dart slug (almost dead, poisoned, 100% to hit)
The sting hits the dart slug.
The dart slug looks even sicker.
You kill the dart slug!
Casting: Sting (safe; 4% risk of failure)
Confirm with . or Enter, or press ? or * to list all spells.
You can't see any susceptible monsters within range! (Use Z to cast anyway.)
You start resting.
Your magical contamination has completely faded away.
You start resting.
HP restored.
You enter the deep water.
A frilled lizard comes into view.
Found a scroll labelled NALORHOVAWK and 22 gold pieces.
A frilled lizard is nearby!
A frilled lizard is nearby!
Unknown command.
Found a scroll labelled YFIYTT TAAB.
Casting: Sting (safe; 4% risk of failure)
Confirm with . or Enter, or press ? or * to list all spells.
Aiming: Sting (safe; 4% risk of failure)
Press: ? - help, Shift-Dir - straight line, f - frilled lizard
Aim: a frilled lizard (53% to hit)
The sting hits the frilled lizard.
The frilled lizard is poisoned.
The frilled lizard is heavily wounded.
You kill the frilled lizard!
You start resting.
Magic restored.
You enter the shallow water.
A bullfrog comes into view.
You see here a +0 scimitar of holy wrath.
a - a +0 scimitar of holy wrath Your +0 scimitar of holy wrath softly glows with a divine radiance!
a - a +0 scimitar of holy wrath (weapon)
A bullfrog comes into view.
You see here 11 gold pieces.
Casting: Sting (safe; 4% risk of failure)
Confirm with . or Enter, or press ? or * to list all spells.
You can't see any susceptible monsters within range! (Use Z to cast anyway.)
You enter the deep water.
The bullfrog croaks.
Casting: Sting (safe; 4% risk of failure)
Confirm with . or Enter, or press ? or * to list all spells.
Aiming: Sting (safe; 4% risk of failure)
Press: ? - help, Shift-Dir - straight line, f - bullfrog
Aim: a bullfrog (water, 64% to hit)
The sting hits the bullfrog.
The bullfrog is poisoned.
The bullfrog is lightly wounded.
The bullfrog gives a loud, deep croak!
The bullfrog hits you but does no damage.
Casting: Sting (safe; 4% risk of failure)
Confirm with . or Enter, or press ? or * to list all spells.
Aiming: Sting (safe; 4% risk of failure)
Press: ? - help, Shift-Dir - straight line, f/p - bullfrog
Aim: a bullfrog (water, moderately wounded, poisoned, 64% to hit)
The sting hits the bullfrog.
The bullfrog looks even sicker.
The bullfrog is heavily wounded.
The bullfrog barely misses you. The bullfrog hits you.
The bullfrog closely misses you.
Casting: Sting (safe; 4% risk of failure)
Confirm with . or Enter, or press ? or * to list all spells.
Aiming: Sting (safe; 4% risk of failure)
Press: ? - help, Shift-Dir - straight line, f/p - bullfrog
Aim: a bullfrog (water, heavily wounded, very poisoned, 64% to hit)
You miscast Sting.
You are very lightly contaminated with residual magic.
Nothing appears to happen.
The bullfrog closely misses you. The bullfrog hits you. x2
It was a potion of haste.
You feel yourself speed up. The bullfrog barely misses you.
The bullfrog misses you. The bullfrog hits you.
* * * LOW HITPOINT WARNING * * *
Casting: Sting (safe; 4% risk of failure)
Confirm with . or Enter, or press ? or * to list all spells.
Aiming: Sting (safe; 4% risk of failure)
Press: ? - help, Shift-Dir - straight line, f - bullfrog, p - bullfrog
Aim: a bullfrog (water, 64% to hit)
The sting hits the bullfrog.
The bullfrog is poisoned.
The bullfrog is moderately wounded.
The bullfrog closely misses you. The bullfrog hits you.
* * * LOW HITPOINT WARNING * * *
Casting: Sting (safe; 4% risk of failure)
Confirm with . or Enter, or press ? or * to list all spells.
Aiming: Sting (safe; 4% risk of failure)
Press: ? - help, Shift-Dir - straight line, f/p - bullfrog
Aim: a bullfrog (water, moderately wounded, poisoned, 64% to hit)
The sting hits the bullfrog.
The bullfrog looks even sicker.
The bullfrog is moderately wounded.
The bullfrog barely misses you. The bullfrog closely misses you.
Casting: Sting (safe; 4% risk of failure)
Confirm with . or Enter, or press ? or * to list all spells.
Aiming: Sting (safe; 4% risk of failure)
Press: ? - help, Shift-Dir - straight line, f - bullfrog, p - bullfrog
Aim: a bullfrog (water, severely wounded, very poisoned, 64% to hit)
The sting hits the bullfrog.
The bullfrog looks even sicker.
The bullfrog is almost dead.
The bullfrog hits you.
* * * LOW HITPOINT WARNING * * *
The bullfrog hits you!
You die...

##############################
....††........††.~~~~.~†~....#
.#######################~~~~.#
.# #~†≈~.# .# #~≈≈~.# .#
######## #.~≈~.# ~#
####≈≈≈≈≈≈#### #~≈≈~.# ~#
##≈≈≈≈≈≈≈≈≈≈≈≈####≈≈≈~.# ~#
#≈≈≈≈≈≈≈≈F@≈~≈≈†##≈≈≈~.# ~#
≈≈≈≈≈≈≈≈≈F≈~∩~~≈≈#≈≈≈~~# ~#
≈≈≈≈≈.~.≈≈~..~≈≈≈≈≈≈≈~~# ~#
≈≈≈≈~~.$.~.~~~≈≈~≈≈~≈~.# ~#
≈≈≈≈≈.?$(.~.~≈≈~≈~~~≈~.# ~#
≈≈≈≈≈≈~?~~..≈≈~≈≈≈~~≈~~# .#
≈≈≈≈≈≈≈~~.~~~~≈≈≈~~~≈~~# .#
≈≈~≈≈≈≈≈≈~~.~≈≈≈≈~~~≈~.# .#
≈≈≈~≈≈≈≈≈≈≈≈≈≈≈≈≈~†~≈~~#


You could see 2 bullfrogs.

Vanquished Creatures
  5 adders
  A river rat (D:3)
  2 ribbon worms (D:3)
  4 dart slugs (Sewer)
  An orc (D:3)
  11 giant cockroaches (Sewer)
  2 goblins
  3 quokkas
  4 ball pythons
  8 frilled lizards (Sewer)
  A rat (D:3)
42 creatures vanquished.

Notes
Turn   | Place    | Note
-------+----------+-------------------------------------------
     0 | D:1      | Flugslaktarn the Octopode Alchemist began the quest for the
                  | Orb.
     0 | D:1      | Reached XP level 1. HP: 11/11 MP: 3/3
   140 | D:2      | Got Sif Muna's Compilation of Talus and Necromantic Rituals
   250 | D:3      | Reached XP level 2. HP: 17/17 MP: 0/5
   310 | D:3      | Reached skill level 4 in Alchemy
   395 | D:3      | Reached XP level 3. HP: 15/21 MP: 1/6
   497 | D:3      | Found a glowing drain.
   501 | Sewer    | Entered a sewer
   566 | Sewer    | Reached XP level 4. HP: 19/27 MP: 1/8
   718 | Sewer    | Reached skill level 5 in Alchemy
   967 | Sewer    | Noticed a bullfrog
   970 | Sewer    | Noticed a bullfrog
   996 | Sewer    | Slain by a bullfrog

Illustrated notes

Levels and vault maps discovered:
D:1:      tarquinn_simple_flora_water_a, layout_loops_ring
D:2:      layout_loops_corners, uniq_natasha, uniq_jessica
D:3:      layout_basic, gup_sewer_entry_spiral, chequers_serial_rivers_large_a
D:4:      layout_cave_pools, nicolae_overflow_crystal_walls,
          kennysheep_mini_moat, grunt_ministairs_10, chequers_jeans
Sewer:    sewer_frog_island_01

Skill      XL: |  1  2  3  4 |
---------------+-------------+-----
Alchemy        | 4 5 |  5.2
Spellcasting   | 3 |  3.0
Dodging        | |  2.0
Stealth        | |  2.6
Conjurations   | |  1.0

Action                     |  1- 3 |  4- 6 || total
---------------------------+-------+-------++-------
  Melee: Unarmed           |     4 |       ||     4
         Tentacles         |     4 |     2 ||     6
         Constrict         |     3 |     1 ||     4
         Dagger            |    11 |     5 ||    16
         Punch             |     1 |       ||     1
   Cast: Sting             |    32 |    38 ||    70
    Use: Potion            |       |     3 ||     3
 Armour: Skin              |    12 |    20 ||    32
  Dodge: Dodged            |    12 |    22 ||    34

Table legend: (Time is in decaauts)
 A = Elapsed time spent in this place.
 B = Non-inter-level travel time spent in this place.
 C = Inter-level travel time spent in this place.
 D = Time resting spent in this place.
 E = Time spent auto-exploring this place.
 F = Levels seen in this place.
 G = Mean time per level.
                   A        B        C        D        E       F      G
               +--------+--------+--------+--------+--------+-----+--------+
         Total |    993 |    993 |      0 |    294 |    171 |   5 |  198.6 |
       Dungeon |    499 |    499 |      0 |     49 |    132 |   4 |  124.8 |
         Sewer |    493 |    493 |      0 |    245 |     39 |   1 |  493.0 |
               +--------+--------+--------+--------+--------+-----+--------+

Top non-repeatable levels by time:
   Sewer: 493 daAuts
     D:3: 255 daAuts
     D:2: 166 daAuts
     D:1: 67 daAuts
     D:4: 10 daAuts
